 Dungeon Crawl Stone Soup version 0.27.1-34-g3ba077fa99 (webtiles) character file.

Game seed: 2969456049452239100

1236 Sharkman1231 the Skirmisher (level 8, 0/61 HPs)
             Began as a Demonspawn Wanderer on Jan 16, 2022.
             Was an Initiate of Gozag.
             Succumbed to a water moccasin's poison
             ... on level 6 of the Dungeon.
             The game lasted 00:08:19 (6032 turns).

Sharkman1231 the Skirmisher (Demonspawn Wanderer)   Turns: 6032, Time: 00:08:20

Health: 0/61       AC:  8    Str: 14    XL:     8   Next: 24%
Magic:  8/8        EV: 13    Int: 12    God:    Gozag
Gold:   1358       SH: 10    Dex: 15    Spells: 5/7 levels left

rFire    + . .     SeeInvis .   b - +3 whip (pain)
rCold    + . .     Faith    .   m - +1 buckler
rNeg     . . .     Spirit   .   c - +0 robe
rPois    +         Reflect  .   (helmet restricted)
rElec    +         Harm     .   (no cloak)
rCorr    +         Rampage  .   (no gloves)
Will     .....                  (no boots)
Stlth    +.........             (no amulet)
HPRegen  0.20/turn              (no ring)
MPRegen  0.11/turn              (no ring)

@: lethally poisoned (0 -> -11), resistant
A: horns 1, talons 1, icemail 1, powered by pain 1, condensation shield,
iridescent scales 1, wild magic 1
a: Renounce Religion, Potion Petition, Call Merchant, Bribe Branch


You were on level 6 of the Dungeon.
You worshipped Gozag.
Gozag was most pleased with you.
You visited 1 branch of the dungeon, and saw 6 of its levels.
You also visited: Sewer.

You collected 1358 gold pieces.

Inventory:

Hand Weapons
 a - a +2 spear
 b - a +3 whip of pain (weapon)
Missiles
 d - 31 poisoned darts (quivered)
 o - a throwing net
Armour
 c - a +0 robe (worn)
 m - a +1 buckler (worn)
Scrolls
 g - a scroll of enchant armour
 h - a scroll of fog {unknown}
 l - 2 scrolls of vulnerability
 q - a scroll of teleportation
Potions
 f - a potion of haste
 j - 4 potions of mutation
 k - a potion of resistance
 n - 2 potions of brilliance
 r - a potion of degeneration {unknown}


   Skills:
 + Level 4.6 Fighting
 * Level 3.8 Maces & Flails
 - Level 2.9 Polearms
 - Level 1.0 Throwing
 + Level 3.1 Dodging
 + Level 3.3 Shields
 * Level 4.0 Unarmed Combat
 - Level 1.0 Conjurations
 + Level 3.0 Necromancy
 - Level 1.7 Translocations


You had 5 spell levels left.
You knew the following spells:

 Your Spells              Type           Power      Damage    Failure   Level
a - Wereblood             Tmut           0%         N/A       56%         2

Your spell library contained the following spells:

 Spells                   Type           Power      Damage    Failure   Level
 Passwall                 Tmut/Erth      0%         N/A       56%         2


Dungeon Overview and Level Annotations

Branches:
Dungeon (6/15)              Sewer (visited)
 Temple: D:4-7

Altars:
Fedhas
Gozag
Hepliaklqana
Kikubaaqudgha
Beogh

Annotations:
D:5 Dowan, Duvessa


Innate Abilities, Weirdness & Mutations

You have a pair of small horns on your head.
You have sharp toenails.
A meltable icy envelope protects you from harm. (AC +4)
You sometimes gain a little power by taking damage.
A meltable shield of frost defends you. (SH +4)
You are partially covered in iridescent scales. (AC +2)
Your spells are a little harder to cast, but a little more powerful.


Message History

You block the orc's attack. The water moccasin bites you.
You hit the water moccasin but do no damage.
The water moccasin is heavily wounded.
You feel very sick. You block the water moccasin's attack.
You block the orc's attack.
You hit the water moccasin.
The water moccasin writhes in agony.
The water moccasin is severely wounded.
You feel sick.
The water moccasin bites you but does no damage.
The orc is distracted by your dazzling golden aura.
You block the water moccasin's attack.
The orc shouts!
You miss the water moccasin.
The water moccasin is severely wounded.
You feel sick. The water moccasin closely misses you.
Unknown command.
You completely miss the water moccasin.
The water moccasin is severely wounded.
You feel sick. The water moccasin bites you.
* * * LOW HITPOINT WARNING * * *
You are lethally poisoned!
The water moccasin poisons you!
Unknown command.
It was a potion of mutation.
You feel extremely strange.
Iridescent scales grow over part of your body.
You feel less in control of your magic.
* * * LOW HITPOINT WARNING * * *
You feel very sick. The water moccasin closely misses you.
You block the water moccasin's attack.
Unknown command.
It was a potion of magic.
Magic courses through your body.
* * * LOW HITPOINT WARNING * * *
You feel very sick. The water moccasin bites you.
* * * LOW HITPOINT WARNING * * *
Unknown command.
It was a potion of resistance.
You feel protected.
You die...
Your body crumbles into a pile of gold.

#........#
#.######## #.#
#.# #.#
#.######
.......#$#.#.#
.######.#S#.#.#
#.......@..#
#........o#.#
............#
##.........#.#
##.###.#.#.#.#
#. .#.#.#.#.# #
## # # #.#.# #.


You could see a water moccasin and an orc.

Vanquished Creatures
  Menkaure (D:5)
  A water moccasin (D:5)
  An ogre (D:5)
  A centaur (D:3)
  2 phantoms
  4 scorpions
  A centaur zombie (D:6)
  2 orc priests
  A scorpion zombie (D:4)
  A bullfrog skeleton (D:5)
  3 orc wizards
  A hound skeleton (D:3)
  A gnoll (D:1)
  10 adders
  A white imp (D:3)
  An ufetubus (D:5)
  2 worms
  2 dart slugs
  8 orcs
  6 ball pythons
  5 bats
  6 endoplasms
  4 giant cockroaches
  4 goblins
  12 hobgoblins
  18 jackals
  10 kobolds
  3 quokkas
  5 frilled lizards
  4 rats
121 creatures vanquished.

Vanquished Creatures (others)
  A demonic plant (D:1)
  23 plants (Sewer)
  4 withered plants (D:3)
28 creatures vanquished.

Grand Total: 149 creatures vanquished

Notes
Turn   | Place    | Note
-------+----------+-------------------------------------------
     0 | D:1      | Sharkman1231 the Demonspawn Wanderer began the quest for
                  | the Orb.
     0 | D:1      | Sharkman1231 set off with the following items: a +2 spear,
                  | a +0 buckler, a +0 robe; and the following spells available
                  | to memorise: Passwall, Wereblood
     0 | D:1      | Reached XP level 1. HP: 18/18 MP: 1/1
   129 | D:1      | Found a faded altar of an unknown god.
   150 | D:1      | Became a worshipper of Gozag Ym Sagoz the Greedy
   198 | D:1      | Gained mutation: A meltable shield of frost defends you.
                  | (SH +4) [demonic ancestry]
   198 | D:1      | Reached XP level 2. HP: 24/24 MP: 2/2
   839 | D:2      | Gained mutation: A meltable icy envelope protects you from
                  | harm. (AC +4) [demonic ancestry]
   839 | D:2      | Reached XP level 3. HP: 25/29 MP: 3/3
   841 | D:2      | Reached skill level 1 in Dodging
  1278 | D:2      | Gained mutation: You have a pair of small horns on your
                  | head. [demonic ancestry]
  1278 | D:2      | Reached XP level 4. HP: 28/35 MP: 4/4
  1374 | D:2      | Learned a level 2 spell: Wereblood
  1766 | D:3      | Noticed a centaur
  1782 | D:3      | Killed a centaur
  1783 | D:3      | Reached skill level 1 in Maces & Flails
  1783 | D:3      | Reached skill level 1 in Unarmed Combat
  1783 | D:3      | Reached XP level 5. HP: 17/42 MP: 5/5
  2031 | D:3      | Reached skill level 1 in Necromancy
  2107 | D:3      | Noticed a phantom
  2143 | D:3      | Killed a phantom
  2144 | D:3      | Gained mutation: You have sharp toenails. [demonic
                  | ancestry]
  2144 | D:3      | Reached XP level 6. HP: 30/48 MP: 6/6
  2894 | D:3      | Found a blossoming altar of Fedhas.
  2919 | D:3      | Found an ancient bone altar of Kikubaaqudgha.
  3544 | D:4      | Gained mutation: You sometimes gain a little power by
                  | taking damage. [demonic ancestry]
  3544 | D:4      | Reached XP level 7. HP: 46/54 MP: 7/7
  4622 | D:5      | Entered Level 5 of the Dungeon
  4654 | D:5      | Identified a scroll of acquirement
  4654 | D:5      | Acquired 454 gold pieces
  4693 | D:5      | Found a glowing drain.
  4697 | Sewer    | Entered a sewer
  5658 | D:5      | Noticed Menkaure
  5666 | D:5      | Killed Menkaure
  5667 | D:5      | Reached XP level 8. HP: 33/61 MP: 8/8
  5911 | D:5      | Found a hazy altar of Hepliaklqana.
  5977 | D:5      | Noticed Duvessa
  5977 | D:5      | Noticed Dowan
  6030 | D:6      | Gained mutation: You are partially covered in iridescent
                  | scales. (AC +2) [potion of mutation]
  6030 | D:6      | Gained mutation: Your spells are a little harder to cast,
                  | but a little more powerful. [potion of mutation]
  6031 | D:6      | HP: 3/61 [water moccasin (3)]
  6032 | D:6      | Succumbed to a water moccasin's poison

Illustrated notes

Levels and vault maps discovered:
D:1:      amcnicky_arrival_choice, layout_rooms,
          dreamdust_ecumenical_altar_sealed_demon
D:2:      layout_basic
D:3:      layout_basic, grunt_temple_overflow_growth_and_decay, st_stairs_2
D:4:      layout_basic, kennysheep_orc_chapel
D:5:      layout_gridville, mainiacjoe_overflow_surrounded_room, temple_hall,
          nicolae_ossuary_entry_plus, gup_sewer_entry_bowl, uniq_menkaure,
          uniq_duvessa
D:6:      lemuel_ice_spiral_2, layout_basic, vehumet_crystals, zin_angel,
          kennysheep_generic_room_3

Skill      XL: |  1  2  3  4  5  6  7  8 |
---------------+-------------------------+-----
Polearms       | 2 |  2.9
Dodging        | 1 2 3 |  3.1
Maces & Flails | 1 2 3 |  3.8
Shields        | 2 3 |  3.3
Unarmed Combat | 1 2 3 4 |  4.0
Necromancy     | 1 2 3 |  3.0
Fighting       | 4 |  4.6
Throwing       | |  1.0
Conjurations   | |  1.0
Translocations | |  1.7

Action                   |  1- 3 |  4- 6 |  7- 9 || total
-------------------------+-------+-------+-------++-------
Melee: Spear             |    98 |    62 |       ||   160
       Whip              |       |   144 |   200 ||   344
       Headbutt          |       |    38 |    43 ||    81
       Kick              |       |    26 |    57 ||    83
       Unarmed           |       |       |     2 ||     2
Throw: Dart              |     6 |       |     1 ||     7
       Throwing net      |       |       |     1 ||     1
  Use: Potion            |       |     2 |     4 ||     6
       Scroll            |       |     3 |     6 ||     9
 Stab: Sleeping          |       |     2 |       ||     2
       Distracted        |       |     1 |     2 ||     3
Armor: Robe              |    19 |    51 |    25 ||    95
Dodge: Dodged            |    32 |    90 |    69 ||   191
Block: Buckler           |    37 |    81 |    83 ||   201
